 Dungeon Crawl Stone Soup version 0.28.0-53-g5a82cb258f (webtiles) character file.

Game seed: 9185959951758213110

56 KittenMitten the Chopper (level 3, -5/34 HPs)
             Began as a Hill Orc Berserker on Aug 12, 2022.
             Was a Believer of Trog.
             Succumbed to Sigmund's poison
             ... on level 3 of the Dungeon.
             The game lasted 00:15:31 (2649 turns).

KittenMitten the Chopper (Hill Orc Berserker)       Turns: 2649, Time: 00:15:31

Health: -5/34      AC:  8    Str: 21    XL:     3   Next: 97%
Magic:  3/3        EV:  8    Int:  7    God:    Trog [**....]
Gold:   69         SH:  0    Dex: 10    Spells: 2/2 levels left

rFire   . . .      SeeInvis .   a - +0 hand axe
rCold   . . .      Faith    .   (no shield)
rNeg    . . .      Spirit   .   c - +0 chain mail
rPois   .          Reflect  .   (no helmet)
rElec   .          Harm     .   (no cloak)
rCorr   .          Rampage  .   (no gloves)
Will    +....      Rnd*Tele +   (no boots)
Stlth   ..........              (no amulet)
HPRegen 0.11/turn               (no ring)
MPRegen 0.08/turn               (no ring)

@: lethally poisoned (-5 -> -40)
A: claws 1, strong-willed 1, teleportitis 1
a: Renounce Religion, Berserk, Trog's Hand


You were on level 3 of the Dungeon.
You worshipped Trog.
Trog was pleased with you.
You visited 1 branch of the dungeon, and saw 3 of its levels.

You collected 91 gold pieces.
You spent 22 gold pieces at shops.

Inventory:

Hand Weapons
 a - a +0 hand axe (weapon)
 g - a +0 dagger
Missiles
 m - 4 boomerangs (quivered)
Armour
 c - a +0 chain mail (worn)
Jewellery
 n - a ring of positive energy
Scrolls
 d - a scroll of brand weapon {unknown}
 h - a scroll of vulnerability {unknown}
 j - 2 scrolls of teleportation
Potions
 e - 2 potions of haste
 f - a potion of flight
 i - a potion of heal wounds
 l - a potion of curing


   Skills:
 + Level 4.4 Fighting
 + Level 5.0 Axes
 * Level 2.4 Armour
 + Level 2.0 Dodging


You had 2 spell levels left.
You didn't know any spells.
Your spell library was empty.

Dungeon Overview and Level Annotations

Branches:
Dungeon (3/15)

Altars:

Shops:
D:3 ?

Annotations:
D:3 2 transporters, Cheops's ghost, amateur DsFi; Sigmund


Innate Abilities, Weirdness & Mutations

You have sharp fingernails.
You are strong-willed. (Will+)
You are occasionally teleported next to monsters.


Message History

Found 17 sling bullets.
j - 2 scrolls of teleportation (gained 1)
There is an escape hatch in the floor here.
An endoplasm comes into view.
The endoplasm quivers.
You hit the endoplasm.
The endoplasm is almost dead.
The endoplasm closely misses you.
You slash the endoplasm!
You kill the endoplasm!
Trog accepts your kill.
Found a ring mail.
You see here a rat skeleton.
There is an entrance to Notrem's Magic Scroll Shop here.
Sigmund the Dreaded comes into view.
He is wielding a +1 scythe of venom.
Sigmund shouts!
Sigmund hits you from afar with a +1 scythe of venom.
Throw: 4 boomerangs
Press: ? - help, Q - select action, (/) - cycle Shift-Dir - straight line, f - Sigmund
Aim: Sigmund, wielding a +1 scythe of venom and wearing a +0 robe (53% to hit)
You throw a boomerang. The boomerang closely misses Sigmund.
Sigmund points at you and mumbles some strange words.
You resist with almost no effort.
Sigmund casts a spell.
Sigmund flickers and vanishes!
Deactivating autopickup; reactivate with Ctrl-A.
Something completely misses you. Something hits you.
You are poisoned.
You feel sick. Something hits you!
You are lethally poisoned!
You feel very sick.
You hit something.
* * * LOW HITPOINT WARNING * * *
You feel very sick. Something hits you.
* * * LOW HITPOINT WARNING * * *
You are more poisoned.
You closely miss something. Your claw misses something.
You die...

..# #.## #.# #.#
#... #.# #.# ###.
#.# #####.#####.
#.# #...........
#.# #.###†#####.
#.# #.# #.#.....
#{# #.# #÷#.##..
#@#####.###.#.##..
#.........<.#.##..
####....#...#.###.
#...#.#..#.# #.
#..#...#.#.# #.
#.#..∩..##.# #.
#..#...#.#.###.
#...#.#........
#....#.....###.


There were no monsters in sight!

Vanquished Creatures
  2 adders
  2 dart slugs
  3 endoplasms
  2 giant cockroaches (D:1)
  A goblin (D:1)
  3 hobgoblins
  2 quokkas
  5 ball pythons
  4 bats
  3 frilled lizards
  2 kobolds (D:2)
  5 rats
34 creatures vanquished.

Notes
Turn   | Place    | Note
-------+----------+-------------------------------------------
     0 | D:1      | KittenMitten the Hill Orc Berserker began the quest for the
                  | Orb.
     0 | D:1      | Reached XP level 1. HP: 19/19 MP: 1/1
   342 | D:1      | Reached XP level 2. HP: 22/27 MP: 2/2
  1050 | D:1      | Gained mutation: You are partially covered in large bone
                  | plates. (SH +4) [potion of mutation]
  1050 | D:1      | Gained mutation: You are occasionally teleported next to
                  | monsters. [potion of mutation]
  1050 | D:1      | Gained mutation: You are frail. (-10% HP) [potion of
                  | mutation]
  1050 | D:1      | Gained mutation: You are strong-willed. (Will+) [potion of
                  | mutation]
  1081 | D:1      | Lost mutation: You are partially covered in large bone
                  | plates. (SH +4) [potion of mutation]
  1081 | D:1      | Lost mutation: You are frail. (-10% HP) [potion of
                  | mutation]
  1081 | D:1      | Gained mutation: You have sharp fingernails. [potion of
                  | mutation]
  1487 | D:2      | Reached XP level 3. HP: 29/34 MP: 3/3
  2123 | D:2      | Found a faded altar of an unknown god.
  2245 | D:3      | Found Notrem's Magic Scroll Shop.
  2254 | D:3      | Reached ** piety under Trog
  2268 | D:3      | Bought a scroll of identify for 22 gold pieces
  2305 | D:3      | Found a transporter.
  2305 | D:3      | Noticed Cheops's ghost (amateur DsFi)
  2305 | D:3      | Noticed a necrophage
  2327 | D:3      | Found a transporter.
  2444 | D:3      | Reached skill level 5 in Axes
  2640 | D:3      | Noticed Sigmund
  2649 | D:3      | Succumbed to Sigmund's poison

Illustrated notes

Levels and vault maps discovered:
D:1:      nicolae_arrival_somewhat_less_tricky_arrival, layout_basic, hex_large,
          kennysheep_crisscross, minmay_domino_4
D:2:      layout_basic, basic_ecumenical_altar
D:3:      layout_loops_ring, serial_shops, nicolae_diamond_shop,
          gammafunk_ghost_mausoleum, uniq_sigmund

Skill      XL: |  1  2  3 |
---------------+----------+-----
Fighting       | 4 |  4.4
Dodging        | 2 |  2.0
Axes           | 5 |  5.0
Armour         | |  2.4

Action                   || total
-------------------------++-------
Melee: Hand axe          ||    96
       Punch             ||     1
Throw: Boomerang         ||     6
  Use: Potion            ||     4
       Scroll            ||     4
 Stab: Sleeping          ||     1
Armor: Chain mail        ||     6
Dodge: Dodged            ||    73
